 Dungeon Crawl Stone Soup version 0.27.1-1-g398f81649c (webtiles) character file.

Game seed: 8670901195273075897

0 Rickety the Sneak (level 1, 0/9 HPs)
             Began as a Spriggan Enchanter on Sept 18, 2021.
             Slain by a bat (1 damage)
             ... on level 1 of the Dungeon.
             The game lasted 00:00:13 (33 turns).

Rickety the Sneak (Spriggan Enchanter)                Turns: 33, Time: 00:00:14

Health: 0/9        AC:  2    Str:  4    XL:     1   Next: 0%
Magic:  5/5        EV: 17    Int: 16    God:
Gold:   0          SH:  0    Dex: 15    Spells: 4/5 levels left

rFire    . . .     SeeInvis +   a - +1 dagger
rCold    . . .     Faith    .   (shield restricted)
rNeg     . . .     Spirit   .   b - +0 robe
rPois    .         Reflect  .   (helmet restricted)
rElec    .         Harm     .   (no cloak)
rCorr    .         Rampage  .   (gloves unavailable)
Will     .....                  (boots unavailable)
Stlth    +++.......             (no amulet)
HPRegen  0.03/turn              (no ring)
MPRegen  0.09/turn              (no ring)

@: very quick
A: very small, no large weapons, unfitting armour, see invisible, speed 3
a: no special abilities


You were on level 1 of the Dungeon.
You visited 1 branch of the dungeon, and saw 1 of its levels.

Inventory:

Hand Weapons
 a - a +1 dagger (weapon)
Armour
 b - a +0 robe (worn)


   Skills:
 + Level 1.1 Short Blades
 + Level 2.6 Dodging
 * Level 4.4 Stealth
 + Level 2.6 Spellcasting
 + Level 3.6 Hexes


You had 4 spell levels left.
You knew the following spells:

 Your Spells              Type           Power      Damage    Failure   Level
a - Corona                Hex            14%        N/A       4%          1

Your spell library contained the following spells:

 Spells                   Type           Power      Damage    Failure   Level
 Confusing Touch          Hex            13%        N/A       13%         3
 Tukima's Dance           Hex            13%        N/A       13%         3
 Ensorcelled Hibernation  Hex/Ice        14%        N/A       14%         2
 Dazzling Flash           Conj/Hex       14%        N/A       28%         3


Dungeon Overview and Level Annotations

Branches:
Dungeon (1/15)

Altars:


Innate Abilities, Weirdness & Mutations

You are very small and have problems with some larger weapons.
You are too small for most types of armour.
You have supernaturally acute eyesight. (SInv)
You cover ground extremely quickly. (Speed+++)


Message History

A hobgoblin comes into view.
A hobgoblin is nearby!
No reachable target in view!
No reachable target in view!
A bat comes into view.
You hit the hobgoblin but do no damage.
The hobgoblin hits you but does no damage.
You barely miss the hobgoblin. The hobgoblin closely misses you.
Casting: Corona (safe; 4% risk of failure)
Confirm with . or Enter, or press ? or * to list all spells.
Aiming: Corona (safe; 4% risk of failure)
Press: ? - help, Shift-Dir - straight line, f - hobgoblin
Aim: a hobgoblin (chance to affect: 67%)
The hobgoblin is outlined in light.
The hobgoblin hits you but does no damage.
You barely miss the hobgoblin. The hobgoblin misses you.
You hit the hobgoblin but do no damage. The hobgoblin barely misses you.
You hit the hobgoblin but do no damage. The hobgoblin closely misses you.
You hit the hobgoblin but do no damage. You hit the hobgoblin but do no damage.
The hobgoblin hits you.
Ouch! That really hurt!
You barely miss the hobgoblin.
The hobgoblin stops glowing.
The hobgoblin closely misses you.
You hit the hobgoblin.
The hobgoblin is lightly wounded.
The hobgoblin closely misses you.
You hit the hobgoblin.
The hobgoblin is heavily wounded.
The hobgoblin completely misses you.
You hit the hobgoblin but do no damage.
The hobgoblin is heavily wounded.
The hobgoblin closely misses you.
You hit the hobgoblin.
The hobgoblin is severely wounded.
The hobgoblin hits you.
* * * LOW HITPOINT WARNING * * *
You hit the hobgoblin.
You kill the hobgoblin!
The bat hits you.
You die...

#########
#.......#
##.8.8...##
#.........#
#8........#
##..###..#.#
#...#h#..#.#
###8..#s#..#.#
#@....#k#..#.#
#b#8..#D#..#.#
...#...#S#.)#.#
.....##..###..#<#
.......##8... ###
.......##.....
......####.8.8.
.....# .....


You could see a bat.

Vanquished Creatures
  A hobgoblin (D:1)
1 creature vanquished.

Notes
Turn   | Place    | Note
-------+----------+-------------------------------------------
     0 | D:1      | Rickety the Spriggan Enchanter began the quest for the Orb.
     0 | D:1      | Reached XP level 1. HP: 9/9 MP: 5/5
     6 | D:1      | Noticed a hound
     6 | D:1      | Noticed a scorpion
     6 | D:1      | Noticed a lindwurm
     7 | D:1      | Noticed a water moccasin
     7 | D:1      | Noticed an eight-headed hydra
    33 | D:1      | Slain by a bat

Illustrated notes

Levels and vault maps discovered:
D:1:      onia_arrival_zoo_common, layout_loops_corners,
          hellmonk_ecumenical_altar_run_dry, serial_forest,
          infiniplex_forest_straight_5, infiniplex_forest_diagonal,
          infiniplex_forest_clump_tiny, infiniplex_forest_lined_1,
          infiniplex_forest_clump_curved, infiniplex_forest_zigzag_2,
          infiniplex_forest_end_2, infiniplex_forest_split,
          infiniplex_forest_lined_3

Action                   || total
-------------------------++-------
Melee: Dagger            ||    13
 Cast: Corona            ||     1
Armor: Robe              ||     2
Dodge: Dodged            ||     8
